 Dungeon Crawl Stone Soup version 0.30-a0-1123-gabc949cf19 (webtiles) character file.

Game seed: 14399151538039391088

1269 voltaire321 the Conjurer (level 8, -2/46 HPs)
             Began as a Deep Elf Conjurer on Apr 23, 2023.
             Was a Follower of Vehumet.
             Slain by an orc knight
             ... wielding a +0 bardiche
              (47 damage)
             ... in a bailey.
             The game lasted 00:16:11 (4440 turns).

voltaire321 the Conjurer (Deep Elf Conjurer)        Turns: 4440, Time: 00:16:12

Health: -2/46      AC:  6    Str:  6    XL:     8   Next: 28%
Magic:  15/19      EV: 14    Int: 24    God:    Vehumet [*.....]
Gold:   209        SH:  0    Dex: 15    Spells: 12/19 levels left

rFire   . . .        r - +4 mace of Crawling {elec, Will+ Dex+2 Stlth+}
rCold   . . .        (no shield)
rNeg    . . .        a - +0 robe
rPois   .            G - +1 hat
rElec   .            y - +0 cloak
rCorr   +            F - +0 pair of gloves
SInv    .            g - +0 pair of boots
Will    +....        n - amulet of magic regeneration
Stlth   +++          x - ring of resist corrosion
HPRegen 0.27/turn    (no ring)
MPRegen 0.56/turn

%: no passive effects
@: no status effects
A: no striking features
a: Renounce Religion


You were in a bailey.
You worshipped Vehumet.
Vehumet was aware of your devotion.
You visited 2 branches of the dungeon, and saw 6 of its levels.
You also visited: Bailey.

You collected 209 gold pieces.

Inventory:

Hand Weapons
 r - the +4 mace of Crawling (weapon) {elec, Will+ Dex+2 Stlth+}
   (You found it on level 3 of the Dungeon)

   Dex:       It affects your dexterity (+2).
   Will:      It increases your willpower.
   Stlth:     It makes you more stealthy.
Missiles
 q - 2 throwing nets
Armour
 a - a +0 robe (worn)
 g - a +0 pair of boots (worn)
 y - a +0 cloak (worn)
 F - a +0 pair of gloves (worn)
 G - a +1 hat (worn)
Jewellery
 n - an amulet of magic regeneration (around neck)
 x - a ring of resist corrosion (left hand)
Wands
 m - a wand of flame (32)
 s - a wand of charming (5)
Scrolls
 c - 2 scrolls of identify {unknown}
 d - 2 scrolls of blinking {unknown}
 e - a scroll of magic mapping {unknown}
 f - a scroll of poison {unknown}
 h - a scroll of brand weapon {unknown}
 k - a scroll of acquirement {unknown}
 o - a scroll of butterflies {unknown}
 t - 2 scrolls of teleportation {unknown}
 u - a scroll of silence {unknown}
 v - a scroll of noise {unknown}
 w - a scroll of amnesia {unknown}
 B - a scroll of enchant armour {unknown}
 E - a scroll of immolation {unknown}
Potions
 b - a potion of magic
 i - 2 potions of heal wounds {unknown}
 j - a potion of flight {unknown}
 l - 2 potions of degeneration {unknown}
 p - 2 potions of lignification {unknown}
 z - a potion of invisibility {unknown}
 A - a potion of resistance {unknown}
 C - a potion of attraction {unknown}
 D - a potion of mutation {unknown}


   Skills:
 + Level 3.3 Fighting
 + Level 3.3 Armour
 + Level 5.4 Dodging
 - Level 2.4 Stealth
 + Level 6.1 Spellcasting
 + Level 6.3 Conjurations
 + Level 3.3 Translocations


You had 12 spell levels left.
You knew the following spells:

 Your Spells              Type           Power      Damage    Failure   Level
a - Magic Dart            Conj           100%       1d8       1%          1
b - Searing Ray           Conj           76%        2d7       1%          2
c - Iskenderun's Mystic   Conj/Tloc      30%        2d8       11%         4

Your spell library contained the following spells:

 Spells                   Type           Power      Damage    Failure   Level
 Kiss of Death            Conj/Necr      88%        2d12      2%          1
 Dazzling Flash           Conj/Hex       44%        N/A       6%          3
 Necrotise                Necr           28%        1d5       8%          1
 Fulminant Prism          Conj/Hex       11%        3d9       22%         4
 Frozen Ramparts          Ice            14%        1d3       24%         3
 Vampiric Draining        Necr           7%         2d6       24%         3
 Ice Form                 Ice/Tmut       7%         N/A       61%         4
 Summon Ice Beast         Ice/Summ       7%         N/A       61%         4
 Agony                    Necr           7%         N/A       91%         5


Dungeon Overview and Level Annotations

Branches:
Dungeon (7/15)             Temple (1/1) D:4          Bailey (1/1)

Altars:
Ashenzari
Cheibriados
Elyvilon
Fedhas
Gozag
Hepliaklqana
Makhleb
Nemelex Xobeh
Qazlal
Ru
Sif Muna
Trog
Uskayaw
Vehumet
Wu Jian
Xom
Zin
The Shining One


Message History

a +0 spear; a +0 plate armour
There is an open door here.
As you open the gate, it creaks loudly!
You hear a shout!
An orc knight opens the door.
An orc knight comes into view. It is wielding a +0 glaive.
The orc knight shouts!
Found the Elucidation of Arcane Weapons and a tin of tremorstones (2/2).
Found a roughly hewn altar of Beogh.
Found two gates leading back out of this place.
The orc knight moves out of view.
Casting: Searing Ray (safe; 1% risk of failure)
Confirm with . or Enter, or press ? or * to list all spells.
Aiming: Searing Ray (safe; 1% risk of failure)
Press: ? - help, Shift-Dir - straight line, f - orc knight
Aim: an orc knight, wielding a +0 bardiche and wearing a +0 ring mail (76% to hit)
The searing ray hits the orc knight.
The orc knight is lightly wounded. (Press . to maintain the ray.)
The orc knight roars a battlecry!
You hear a shout!
The searing ray hits the orc knight.
The orc knight is lightly wounded.
The searing ray hits the orc knight!
The orc knight is moderately wounded.
The searing ray hits the orc knight.
The orc knight is moderately wounded.
You finish channelling your searing ray.
The orc knight hits you from afar with a +0 bardiche.
Casting: Searing Ray (safe; 1% risk of failure)
Confirm with . or Enter, or press ? or * to list all spells.
Aiming: Searing Ray (safe; 1% risk of failure)
Press: ? - help, Shift-Dir - straight line, f/p - orc knight
Aim: an orc knight, wielding a +0 bardiche and wearing a +0 ring mail (moderately wounded, 76% to hit)
The searing ray misses the orc knight. (Press . to maintain the ray.)
The orc knight roars a battlecry!
The orc knight goes into a battle-frenzy!
The orc knight hits you from afar with a +0 bardiche!!!
Ouch! That really hurt!
You die...

#.....≈##.##≈...............≈##.
#.....≈#..))....................
#.....≈##.∩#≈...............≈#∩.
#.....≈≈#.##≈......###......≈##.
#......≈≈.≈≈≈...#########...≈≈≈)
#..............##.......##......
#.............##..#'#'#..##.....
#.............#..##.#.##..#.....
#............##@#########.##....
#............##.')# }#.'.##....
#............##o### _o###.##....
#............##.')# o.#.'.##....
#............##.####'####.##....
#.............#.o##∩:∩##..##....
#.............##..#'''##........
#..............##.o...##........
#......≈≈)≈≈≈...##....##.)..≈≈≈.


You could see 2 orc knights.

Vanquished Creatures
  A sky beast (D:7)
  5 orc warriors (Bailey)
  2 phantoms
  2 scorpions (D:4)
  3 jellies (D:3)
  3 hounds
  Natasha (thrice) (D:4)
  An iguana (D:4)
  3 adders
  2 gnolls (D:7)
  A worm (D:2)
  2 dart slugs
  17 orcs
  15 endoplasms
  A giant cockroach (D:1)
  12 goblins
  4 hobgoblins
  4 quokkas
  7 ball pythons
  4 bats
  5 frilled lizards
  16 kobolds
  11 rats
124 creatures vanquished.

Vanquished Creatures (others)
  6 fungi (D:3)
  6 toadstools (D:3)
12 creatures vanquished.

Grand Total: 136 creatures vanquished

Notes
Turn   | Place    | Note
-------+----------+-------------------------------------------
     0 | D:1      | voltaire321 the Deep Elf Conjurer began the quest for the
                  | Orb.
     0 | D:1      | Reached XP level 1. HP: 10/10 MP: 6/6
   233 | D:1      | Reached XP level 2. HP: 14/16 MP: 0/8
   671 | D:1      | Reached XP level 3. HP: 17/20 MP: 2/9
   815 | D:1      | Learned a level 2 spell: Searing Ray
  1037 | D:2      | Reached skill level 1 in Fighting
  1037 | D:2      | Reached skill level 1 in Armour
  1473 | D:2      | Reached XP level 4. HP: 25/25 MP: 9/11
  1659 | D:3      | Identified the +4 mace of Crawling {elec, Will+ Dex+2
                  | Stlth+}
  1889 | D:3      | Reached skill level 5 in Conjurations
  1889 | D:3      | Reached XP level 5. HP: 29/29 MP: 9/13
  2497 | D:4      | Noticed a phantom
  2504 | D:4      | Killed a phantom
  2523 | D:4      | Learned a level 4 spell: Iskenderun's Mystic Blast
  2592 | D:4      | Reached XP level 6. HP: 35/35 MP: 12/14
  2620 | D:4      | Noticed Natasha
  2627 | D:4      | Killed Natasha
  2643 | D:4      | Noticed Natasha
  2655 | D:4      | Killed Natasha
  2897 | D:4      | Noticed Natasha
  2910 | D:4      | Killed Natasha
  2911 | D:4      | Reached skill level 1 in Translocations
  2914 | D:4      | Reached skill level 5 in Spellcasting
  3195 | D:4      | Found a staircase to the Ecumenical Temple.
  3201 | Temple   | Entered the Ecumenical Temple
  3291 | Temple   | Became a worshipper of Vehumet
  3431 | D:4      | Reached XP level 7. HP: 40/40 MP: 12/16
  3509 | D:4      | Found a blossoming altar of Fedhas.
  3588 | D:4      | You fall into a shaft and drop 3 floors!
  3705 | D:7      | Found a flagged portal.
  3725 | Bailey   | Entered a bailey
  3855 | Bailey   | Reached * piety under Vehumet
  3855 | Bailey   | Offered knowledge of Kiss of Death by Vehumet.
  3982 | Bailey   | Reached skill level 5 in Dodging
  4080 | Bailey   | Reached XP level 8. HP: 32/46 MP: 11/18
  4428 | Bailey   | Noticed an orc knight
  4429 | Bailey   | Noticed an orc knight
  4440 | Bailey   | Slain by an orc knight

Illustrated notes

Levels and vault maps discovered:
D:1:      minmay_arrival_arboretum_small, layout_rooms
D:2:      layout_basic, nicolae_half_adder
D:3:      cheibrodos_fertilizer, layout_loops_ring, nrook_loot_triangle,
          minmay_distorted
D:4:      layout_loops_ring, fedhas_altar_decomposition,
          minmay_temple_entry_enclosed_plants, uniq_natasha
D:7:      layout_rooms, mainiacjoe_overflow_six_doors_small,
          lightli_bailey_entry_fortress, skrybe_limestone_x, uniq_joseph
Temple:   nicolae_temple_bog_church
Bailey:   bailey_polearm_2, bailey

Skill      XL: |  1  2  3  4  5  6  7  8 |
---------------+-------------------------+-----
Fighting       | 1 2 3 |  3.3
Armour         | 1 2 3 |  3.3
Dodging        | 3 4 5 |  5.4
Spellcasting   | 4 5 6 |  6.1
Conjurations   | 5 6 |  6.3
Translocations | 1 3 |  3.3
Stealth        | |  2.4

Action                     |  1- 3 |  4- 6 |  7- 9 || total
---------------------------+-------+-------+-------++-------
  Melee: Whip              |    11 |     2 |       ||    13
         Mace              |       |    24 |    12 ||    36
   Cast: Magic Dart        |    84 |    37 |     8 ||   129
         Searing Ray       |     1 |    17 |    26 ||    44
         Iskenderun's Myst |       |       |     1 ||     1
   Stab: Sleeping          |       |     1 |     1 ||     2
 Armour: Robe              |     4 |     7 |     6 ||    17
  Dodge: Dodged            |    12 |    30 |    67 ||   109

Table legend: (Time is in decaauts)
 A = Elapsed time spent in this place.
 B = Non-inter-level travel time spent in this place.
 C = Inter-level travel time spent in this place.
 D = Time resting spent in this place.
 E = Time spent auto-exploring this place.
 F = Levels seen in this place.
 G = Mean time per level.
                   A        B        C        D        E       F      G
               +--------+--------+--------+--------+--------+-----+--------+
         Total |   4470 |   4355 |    115 |   1122 |   2075 |   7 |  638.6 |
       Dungeon |   3534 |   3444 |     90 |    697 |   1884 |   5 |  706.8 |
        Temple |    219 |    194 |     25 |      0 |    176 |   1 |  219.0 |
        Bailey |    715 |    715 |      0 |    425 |     15 |   1 |  715.0 |
               +--------+--------+--------+--------+--------+-----+--------+

Top non-repeatable levels by time:
     D:1: 921 daAuts
     D:3: 909 daAuts
     D:4: 886 daAuts
  Bailey: 715 daAuts
     D:2: 668 daAuts
  Temple: 219 daAuts
     D:7: 148 daAuts
